 Dungeon Crawl Stone Soup version 0.29.1-15-g9cfb28693d (webtiles) character file.

Game seed: 3325460004373966767

27889 croobank the Demonic Catastrophe (level 13, -26/95 HPs)
             Began as a Demonspawn Fire Elementalist on Apr 27, 2023.
             Was an Elder of Qazlal.
             Annihilated by a boulder beetle (38 damage)
             ... on level 11 of the Dungeon on Apr 28, 2023.
             The game lasted 01:06:09 (15488 turns).

croobank the Demonic Catastrophe (DsFE)            Turns: 15488, Time: 01:06:09

Health: -26/95     AC: 16    Str: 12    XL:     13   Next: 6%
Magic:  3/23       EV: 14    Int: 28    God:    Qazlal [****..]
Gold:   593        SH:  9    Dex: 15    Spells: 16/25 levels left

rFire   . . .      SeeInvis .   F - +5 short sword of the Immovable Stars {chaos, Will++ Str+4 Int+7}
rCold   . . .      Faith    .   (no shield)
rNeg    . . .      Spirit   .   L - +0 troll leather armour
rPois   .          Reflect  .   i - +2 helmet
rElec   .          Harm     .   (no cloak)
rCorr   .          Rampage  .   (no gloves)
Will    ++...                   G - +1 pair of boots
Stlth   ++........              m - amulet of regeneration
HPRegen 1.85/turn               (no ring)
MPRegen 0.18/turn               (no ring)

@: mighty, repel missiles
A: icemail 1, sharp scales 3, condensation shield, demonic magic 1, demonic
touch 1
a: Renounce Religion, Upheaval, Elemental Force


You were on level 11 of the Dungeon.
You worshipped Qazlal.
Qazlal was greatly pleased with you.
You visited 1 branch of the dungeon, and saw 11 of its levels.
You also visited: Sewer.

You collected 663 gold pieces.
You spent 70 gold pieces at shops.

Inventory:

Hand Weapons
 a - the +3 woodcutter's axe {vorpal}
   (You found it on level 10 of the Dungeon)

   It inflicts extra damage upon your enemies.
 b - a +5 sling of freezing
 g - a +2 whip of venom
 k - a +0 hand axe
 B - the +1 long sword of Xom's Benevolence {protect, Will+}
   (You found it on level 6 of the Dungeon)

   It grants its wielder temporary protection when it strikes (+7 to AC).
   Will:      It increases your willpower.
 C - a +0 vorpal long sword
 F - the +5 short sword of the Immovable Stars (weapon) {chaos, Will++ Str+4 Int+7}
   (You found it on level 4 of the Dungeon)

   Each time it hits an enemy it has a different, random effect.
   Str:       It affects your strength (+4).
   Int:       It affects your intelligence (+7).
   Will:      It greatly increases your willpower.
 N - a +3 dagger of freezing
 O - a +4 spear of freezing
 S - a +0 arbalest
 V - a +0 scimitar
Missiles
 e - 2 curare-tipped darts
 y - a throwing net
 J - 6 atropa-tipped darts
 Q - 13 boomerangs
Armour
 f - a +0 ring mail
 i - a +2 helmet (worn)
 l - a +0 leather armour
 t - the +3 hat of Pondering {ponderous, Will+ MP+10 Int+5}
   (You took it off Gastronok on level 8 of the Dungeon)

   Int:       It affects your intelligence (+5).
   MP:        It affects your magic capacity (+10).
   Will:      It increases your willpower.
 G - a +1 pair of boots (worn)
 L - a +0 troll leather armour (worn)
 R - an orb of mayhem
Jewellery
 m - an amulet of regeneration (around neck)
 P - a ring of ice
 U - a ring of poison resistance
Wands
 p - a wand of polymorph (8)
 x - a wand of roots (14)
 T - a wand of flame (12)
Scrolls
 c - a scroll of amnesia
 j - 2 scrolls of blinking
 n - 3 scrolls of teleportation
 q - 2 scrolls of poison
 r - 9 scrolls of identify
 z - 2 scrolls of fear
 D - 3 scrolls of magic mapping
 K - a scroll of summoning
 M - a scroll of brand weapon
Potions
 d - 8 potions of curing
 h - 2 potions of cancellation
 o - 8 potions of haste
 s - 2 potions of invisibility
 u - 7 potions of mutation
 v - 5 potions of brilliance
 w - 3 potions of ambrosia
 A - a potion of magic
 E - 2 potions of might
 H - a potion of flight
 I - a potion of heal wounds


   Skills:
 + Level 6.6 Fighting
 + Level 5.1 Short Blades
 + Level 6.5 Dodging
 + Level 7.2 Stealth
 + Level 6.7 Spellcasting
 + Level 6.8 Conjurations
 - Level 4.1 Hexes
 + Level 6.9 Fire Magic
 + Level 4.3 Ice Magic
 + Level 13.1 Invocations


You had 16 spell levels left.
You knew the following spells:

 Your Spells              Type           Power      Damage    Failure   Level
a - Foxfire               Conj/Fire      100%       2x1d9     1%          1
b - Scorch                Fire           96%        2d9       1%          2
c - Inner Flame           Hex/Fire       40%        N/A       2%          3
d - Frozen Ramparts       Ice            66%        1d10      3%          3

Your spell library contained the following spells:

 Spells                   Type           Power      Damage    Failure   Level
 Freeze                   Ice            100%       1d11      1%          1
 Conjure Flame            Conj/Fire      47%        6-21      1%          3
 Flame Wave               Conj/Fire      47%        2d12      4%          4
 Hailstorm                Conj/Ice       40%        3d10      7%          4
 Dispersal                Tloc           4%         N/A       100%        6
 Disjunction              Tloc           4%         N/A       100%        8


Dungeon Overview and Level Annotations

Branches:
Dungeon (11/15)            Temple (0/1) D:6            Lair (0/5) D:10
  Sewer (visited)
    Orc: D:9-12

Altars:
Ashenzari
Fedhas
Gozag
Hepliaklqana
Makhleb
Qazlal
Trog
Vehumet
Wu Jian
Xom

Shops:
D:2 [!   D:9 (


Innate Abilities, Weirdness & Mutations

A meltable icy envelope protects you from harm. (AC +4)
You are completely covered in razor-sharp scales. (AC +3, Slay +3)
A meltable shield of frost defends you. (SH +4)
Spells you cast may paralyse adjacent enemies.
Your touch may inflict minor irresistible damage on your foes.


Message History

Your +3 dagger of freezing stops glowing.
You feel stronger.
You feel clever.
The +5 short sword of the Immovable Stars {chaos, Will++ Str+4 Int+7} is briefly surrounded by a scintillating aura of random colours.
F - the +5 short sword of the Immovable Stars (weapon)
{chaos, Will++ Str+4 Int+7} You hit the boulder beetle but do no damage.
You touch the boulder beetle.
The boulder beetle is moderately wounded.
The boulder beetle misses you.
You hit the boulder beetle. You freeze the boulder beetle.
The boulder beetle is moderately wounded.
The boulder beetle misses you.
You puncture the boulder beetle!
The boulder beetle goes berserk!
You touch the boulder beetle.
The boulder beetle is moderately wounded.
The boulder beetle closely misses you.
You hit the boulder beetle but do no damage.
The boulder beetle is moderately wounded.
The boulder beetle bites you!!!
You hit the boulder beetle but do no damage.
The boulder beetle seems to grow stronger.
You touch the boulder beetle.
The boulder beetle is heavily wounded.
The boulder beetle bites you!
You hit the boulder beetle but do no damage.
The boulder beetle is moderately wounded.
The boulder beetle bites you! The boulder beetle barely misses you.
You hit the boulder beetle but do no damage.
The boulder beetle suddenly seems more agile.
The boulder beetle is moderately wounded.
The boulder beetle bites you but does no damage.
You feel very mighty all of a sudden. The boulder beetle barely misses you.
A kobold brigand comes into view.
It is wielding a +0 short sword and quivering poisoned darts.
You puncture the boulder beetle!
The boulder beetle is poisoned.
You touch the boulder beetle!
The boulder beetle is heavily wounded.
The boulder beetle bites you!!
* * * LOW HITPOINT WARNING * * *
The boulder beetle bites you!!!
You die...

.D# #{# ... #o## #B.
#.###.###.# #
#...§)....#
#.#####)#########+##
#..@BODK............
###
#####......##...##..
#.# ######..........
#.# ####†#.#### #.#
#.#.# # #.# ###.#.#
#####.# #...#.#
##.##.# ######.###.#
##.##.# #......# .#


You could see a boulder beetle (berserk, strong, agile, very poisoned), a
two-headed ogre, an acid dragon and a kobold brigand.

Vanquished Creatures
  Gastronok (D:8)
  Erolcha (D:9)
  A boulder beetle (D:11)
  3 two-headed ogres
  Pikel (D:5)
  A wizard (D:9)
  A komodo dragon (D:10)
  4 trolls
  A hornet (D:9)
  A snapping turtle (D:10)
  5 large abominations (D:9)
  A shadow (D:10)
  17 yaks
  2 wyverns
  2 steam dragons
  3 vampire mosquitoes
  An acid dragon (D:9)
  3 water moccasins
  An ice beast (D:6)
  An orc warrior (D:9)
  A sky beast (D:8)
  4 centaurs
  3 ogres
  6 kobold brigands
  2 phantoms (D:4)
  4 lemures (D:5)
  3 necrophages
  4 bullfrogs
  A gnoll sergeant (D:7)
  9 scorpions
  A water moccasin zombie (D:4)
  A water moccasin skeleton (D:4)
  8 wights
  2 killer bees
  3 howler monkeys
  7 small abominations (D:9)
  7 orc priests
  7 hounds
  A centaur skeleton (D:4)
  2 gnoll boudas
  3 jellies
  6 iguanas
  5 orc wizards
  A scorpion zombie (D:4)
  A hound zombie (D:4)
  23 gnolls
  A howler monkey zombie (D:4)
  10 adders
  2 shadow imps
  3 white imps
  An adder skeleton (D:4)
  A worm (D:4)
  A dart slug (D:4)
  22 orcs
  5 ball pythons
  8 bats
  8 endoplasms
  5 giant cockroaches
  7 goblins
  2 hobgoblins (D:2)
  7 jackals
  7 quokkas
  4 frilled lizards
  28 kobolds
  2 rats (D:1)
  A foxfire (D:4)
291 creatures vanquished.

Vanquished Creatures (collateral kills)
  4 jackals (D:4)
4 creatures vanquished.

Vanquished Creatures (others)
  569 foxfires
  A plant (Sewer)
  5 toadstools (D:11)
  5 withered plants (D:4)
580 creatures vanquished.

Grand Total: 875 creatures vanquished

Notes
Turn   | Place    | Note
-------+----------+-------------------------------------------
     0 | D:1      | croobank the Demonspawn Fire Elementalist began the quest
                  | for the Orb.
     0 | D:1      | Reached XP level 1. HP: 13/13 MP: 3/3
   226 | D:1      | Gained mutation: Your touch may inflict minor irresistible
                  | damage on your foes. [demonic ancestry]
   226 | D:1      | Reached XP level 2. HP: 19/19 MP: 0/5
   516 | D:1      | Learned a level 2 spell: Scorch
  1187 | D:2      | Gained mutation: You are partially covered in razor-sharp
                  | scales. (AC +1, Slay +1) [demonic ancestry]
  1187 | D:2      | Reached XP level 3. HP: 25/25 MP: 3/6
  1946 | D:2      | Found Wan Tiun's Distillery.
  1962 | D:2      | Reached skill level 1 in Fighting
  1962 | D:2      | Reached XP level 4. HP: 16/32 MP: 3/7
  2286 | D:2      | Bought a potion of heal wounds for 70 gold pieces
  2331 | D:2      | Found Janoen's Armour Shoppe.
  2479 | D:3      | Gained mutation: A meltable shield of frost defends you.
                  | (SH +4) [demonic ancestry]
  2479 | D:3      | Reached XP level 5. HP: 37/37 MP: 1/9
  3452 | D:3      | Found a stormy altar of Qazlal.
  3493 | D:3      | Became a worshipper of Qazlal Stormbringer
  3593 | D:3      | Found an ornate altar of the Wu Jian Council.
  3932 | D:4      | Noticed a phantom
  3942 | D:4      | Killed a phantom
  3943 | D:4      | Gained mutation: You are mostly covered in razor-sharp
                  | scales. (AC +2, Slay +2) [demonic ancestry]
  3943 | D:4      | Reached XP level 6. HP: 32/44 MP: 0/10
  4022 | D:4      | Reached skill level 1 in Invocations
  4242 | D:4      | Found a glowing drain.
  4255 | Sewer    | Entered a sewer
  4702 | Sewer    | Reached XP level 7. HP: 44/51 MP: 5/12
  4703 | Sewer    | Reached * piety under Qazlal
  4706 | Sewer    | Reached skill level 2 in Invocations
  5703 | D:4      | Reached skill level 3 in Invocations
  5802 | D:4      | Reached XP level 8. HP: 58/58 MP: 7/13
  6188 | D:4      | Identified the +5 short sword of the Immovable Stars
                  | {chaos, Will++ Str+4 Int+7}
  6419 | D:4      | Reached ** piety under Qazlal
  6499 | D:4      | Found an opulent altar of Gozag.
  6686 | D:5      | Entered Level 5 of the Dungeon
  6816 | D:5      | Learned a level 3 spell: Inner Flame
  6900 | D:5      | Reached skill level 1 in Short Blades
  7000 | D:5      | Noticed Pikel
  7039 | D:5      | Killed Pikel
  7040 | D:5      | Reached skill level 4 in Invocations
  7359 | D:5      | Gained mutation: Spells you cast may paralyse adjacent
                  | enemies. [demonic ancestry]
  7359 | D:5      | Reached XP level 9. HP: 57/65 MP: 0/15
  8277 | D:6      | Found a staircase to the Ecumenical Temple.
  8316 | D:6      | Reached skill level 5 in Stealth
  8545 | D:6      | Reached skill level 5 in Fire Magic
  8549 | D:6      | Reached skill level 5 in Invocations
  8672 | D:6      | Learned a level 3 spell: Frozen Ramparts
  9032 | D:6      | Identified the +1 long sword of Xom's Benevolence {protect,
                  | Will+}
  9341 | D:7      | Reached skill level 5 in Spellcasting
  9710 | D:7      | Found a hazy altar of Hepliaklqana.
  9711 | D:7      | Found a shimmering altar of Xom.
  9712 | D:7      | Noticed a spectral ugly thing
  9806 | D:7      | Reached skill level 1 in Hexes
  9806 | D:7      | Reached skill level 1 in Ice Magic
  9812 | D:7      | Reached *** piety under Qazlal
  9813 | D:7      | Reached skill level 5 in Conjurations
  9821 | D:7      | Reached skill level 5 in Dodging
 10239 | D:7      | Reached XP level 10. HP: 73/73 MP: 12/17
 10351 | D:7      | Found a blossoming altar of Fedhas.
 10421 | D:7      | Found a bloodstained altar of Trog.
 10676 | D:8      | Reached skill level 6 in Invocations
 11075 | D:8      | Noticed Gastronok
 11092 | D:8      | Killed Gastronok
 11093 | D:8      | Reached skill level 5 in Fighting
 11202 | D:8      | Found a burning altar of Makhleb.
 11205 | D:8      | Found a radiant altar of Vehumet.
 11211 | D:8      | Found a broken altar of Ashenzari.
 12277 | D:9      | Noticed a wizard
 12280 | D:9      | Killed a wizard
 12321 | D:9      | Noticed a large abomination
 12321 | D:9      | Noticed a large abomination
 12330 | D:9      | Killed a large abomination
 12330 | D:9      | Reached **** piety under Qazlal
 12331 | D:9      | Reached skill level 7 in Invocations
 12331 | D:9      | Gained mutation: You are completely covered in razor-sharp
                  | scales. (AC +3, Slay +3) [demonic ancestry]
 12331 | D:9      | Reached XP level 11. HP: 37/81 MP: 1/20
 12332 | D:9      | Killed a large abomination
 12665 | D:9      | Noticed Erolcha
 12677 | D:9      | Killed Erolcha
 12813 | D:9      | Noticed a two-headed ogre
 12824 | D:9      | Killed a two-headed ogre
 13220 | D:9      | Found Ihezum's Antique Weapon Boutique.
 13552 | D:9      | Paralysed by a hornet for 1 turns
 14082 | D:10     | Entered Level 10 of the Dungeon
 14308 | D:10     | Found a staircase to the Lair.
 14638 | D:10     | Found the +3 woodcutter's axe {vorpal}
 14818 | D:10     | Noticed a two-headed ogre
 14830 | D:10     | Killed a two-headed ogre
 14831 | D:10     | Reached skill level 8 in Invocations
 14874 | D:10     | Reached skill level 5 in Short Blades
 15100 | D:11     | Reached skill level 12 in Invocations
 15100 | D:11     | Reached XP level 12. HP: 89/89 MP: 21/21
 15358 | D:11     | Noticed a boulder beetle
 15362 | D:11     | Killed a boulder beetle
 15363 | D:11     | Reached skill level 13 in Invocations
 15363 | D:11     | Gained mutation: A meltable icy envelope protects you from
                  | harm. (AC +4) [demonic ancestry]
 15363 | D:11     | Reached XP level 13. HP: 94/94 MP: 17/22
 15488 | D:11     | Annihilated by a boulder beetle

Illustrated notes

Levels and vault maps discovered:
D:1:      eino_arrival_cavern_a, layout_rooms, serial_curves, eino_curves_01,
          eino_curves_04, eino_curves_01, minivault_4, dk_noncrumbling_2
D:2:      layout_basic, serial_shops, shop, shop
D:3:      layout_rooms, lemuel_doored_altar, mainiacjoe_overflow_boulevard
D:4:      layout_basic, marbit_many_paths, portal_sewer_entry_f, serial_undead,
          serial_undead_b, serial_undead_c, serial_undead_b, serial_undead_d
D:5:      minmay_chambers_of_threes, layout_rooms,
          amcnicky_mini_corridor_feature, uniq_pikel
D:6:      layout_gridville, minmay_temple_entry_junction, nicolae_titane
D:7:      layout_cave_pools, trog_book, regret_index_temple_of_mockery,
          fedhas_altar_1, minmay_joined_circles
D:8:      layout_basic, grunt_temple_overflow_cloverleaf, uniq_gastronok
D:9:      minmay_octagon_keep, layout_loops_ring, serial_shops, shop,
          nicolae_eternal_life, laboratory, uniq_erolcha
D:10:     layout_loops_ring, lair_entry_dummy
D:11:     layout_loops_ring, hiddenorc1_lemuel, minmay_gold_behind_fungi,
          minmay_the_grid_2x2 [minmay_the_grid_x, minmay_the_grid_medium_cups,
          minmay_the_grid_minigrid_large, minmay_the_grid_prize_trominoes]

Skill      XL: |  1  2  3  4  5  6  7  8  9 10 11 12 |
---------------+-------------------------------------+-----
Stealth        | 2 3 4 5 6 7 |  7.2
Dodging        | 2 3 4 5 6 |  6.5
Fire Magic     | 3 4 5 6 |  6.9
Fighting       | 1 2 3 4 5 6 |  6.6
Conjurations   | 2 3 4 5 6 |  6.8
Spellcasting   | 3 4 5 6 |  6.7
Invocations    | 1 3 4 5 7 12 13 | 13.1
Short Blades   | 2 3 4 5 |  5.1
Hexes          | 1 3 4 |  4.1
Ice Magic      | 1 3 4 |  4.3

Action                   |  1- 3 |  4- 6 |  7- 9 | 10-12 | 13-15 || total
-------------------------+-------+-------+-------+-------+-------++-------
Melee: Dagger            |    16 |    35 |     6 |     1 |    11 ||    69
       Touch             |     1 |    10 |    11 |    26 |     5 ||    53
       Short sword       |       |       |    51 |   101 |     8 ||   160
       Punch             |       |       |     1 |       |       ||     1
       Battleaxe         |       |       |       |     7 |       ||     7
 Cast: Foxfire           |    28 |    69 |   141 |    94 |     5 ||   337
       Scorch            |    16 |    33 |    80 |   103 |    14 ||   246
       Inner Flame       |       |       |     1 |     4 |       ||     5
       Frozen Ramparts   |       |       |       |     1 |       ||     1
Invok: Upheaval          |       |       |       |     1 |       ||     1
Evoke: Wand              |       |     4 |     4 |       |       ||     8
  Use: Potion            |     1 |     2 |     3 |     1 |     1 ||     8
       Scroll            |       |     6 |    15 |     3 |       ||    24
 Stab: Paralysed         |       |       |     1 |     8 |     6 ||    15
       Confused          |       |       |       |     1 |       ||     1
Armor: Robe              |     7 |    10 |    10 |       |       ||    27
       Troll leather arm |       |       |       |    25 |     7 ||    32
Dodge: Dodged            |    21 |    42 |    58 |    55 |    21 ||   197
Block: Other             |       |     8 |    23 |    54 |    12 ||    97
